Quebec Remparts vs Philadelphia Phantoms
Created - Sunday, August 24, 2025 at 08:13
Goals
|
| Quebec Remparts |
0 |
3 |
2 |
5 |
| Philadelphia Phantoms |
1 |
2 |
0 |
3 |
|
Shots
|
| Quebec Remparts |
9 |
9 |
14 |
32 |
| Philadelphia Phantoms |
9 |
10 |
15 |
34 |
|
1st period
1. Philadelphia Phantoms , Michael Carcone 5 (Jacob Quillan 9) at 9:48
Penalties :
Ryan Johnson (PHP) for Hooking (Minor) at 13:33, Paul Cotter (QUE) for Tripping (Minor) at 18:16
2nd period
2. Philadelphia Phantoms , Noel Gunler 4 (Alex Steeves 11, Jaroslav Chmelar 4) at 2:58
3. Philadelphia Phantoms , Tye Kartye 5 (Albert Johansson 8) at 3:30
4. Quebec Remparts , Victor Olofsson 7 (Paul Cotter 10, Kirby Dach 18) at 3:36
5. Quebec Remparts , Jordan Dumais 3 (Dalibor Dvorsky 6, Bradly Nadeau 8) at 6:09
6. Quebec Remparts , Nick Cousins 4 (Bradly Nadeau 9, Sam Lafferty 3) at 12:07
Penalties :
Alex Steeves (PHP) for Slashing (Minor) at 0:38, Artem Duda (QUE) for Tripping (Minor) at 3:46, Jacob Quillan (PHP) for Hooking (Minor) at 8:48, Kai Uchacz (PHP) for Tripping (Minor) at 14:02, Jaroslav Chmelar (PHP) for Fighting (Major) at 19:12, Dalibor Dvorsky (QUE) for Fighting (Major) at 19:12
3rd period
7. Quebec Remparts , Maros Jedlicka 3 (Dalibor Dvorsky 7) at 10:59
8. Quebec Remparts , Calvin de Haan 1 (Brandt Clarke 9, Devon Levi) at 11:46 (PP)
Penalties :
Michael Carcone (PHP) for Hooking (Minor) at 11:10, Ryan Johnson (PHP) for Fighting (Major) at 13:17, Kirby Dach (QUE) for Fighting (Major) at 13:17, Samuel Johannesson (PHP) for Cross-checking (Minor) at 13:25, Dalibor Dvorsky (QUE) for Interference (Minor) at 16:49
Goalie Stats
Devon Levi (QUE), 31 saves from 34 shots - (0.912), W, 11-2-1, 60:00 minutes
Colten Ellis (PHP), 27 saves from 32 shots - (0.844), L, 3-1-0, 60:00 minutes
Players Stats for Quebec Remparts
Player Name G A P +/- PIM S H SB GA TA FO MP PP MP PK MP
------------------------------------------------------------------------------------
0 0 0 0 0 0 0 0 0 0 0/0 0:00 0:00 0:00
Adam Gaudette 0 0 0 -1 0 2 0 0 0 0 2/3 18:51 4:55 2:59
Artem Duda 0 0 0 1 2 1 0 1 0 0 0/0 21:12 5:15 2:17
Bradly Nadeau 0 2 2 1 0 1 2 0 2 0 0/0 13:53 0:40 0:00
Brandt Clarke 0 1 1 -1 0 2 0 4 0 3 0/0 26:14 5:16 2:53
Calvin de Haan 1 0 1 -1 0 3 1 2 0 2 0/0 26:14 5:16 2:53
Dalibor Dvorsky 0 2 2 1 7 3 1 1 1 0 2/10 7:21 0:00 0:00
Ethan Del Mastro 0 0 0 1 0 3 2 0 0 0 0/0 22:00 5:15 3:04
Fraser Minten 0 0 0 -1 0 2 1 1 0 0 0/0 16:17 5:12 0:00
Jordan Dumais 1 0 1 1 0 1 2 1 0 0 0/0 7:53 0:00 0:00
Jorian Donovan 0 0 0 1 0 0 1 2 0 2 0/0 11:57 0:00 0:05
Kevin Rooney 0 0 0 -1 0 1 1 2 0 0 12/17 15:46 4:55 0:00
Kirby Dach 0 1 1 0 5 1 2 1 0 0 9/19 17:43 4:22 1:51
Marc Staal 0 0 0 1 0 0 0 0 0 0 0/0 12:28 0:00 0:42
Maros Jedlicka 1 0 1 1 0 1 0 0 0 0 0/0 7:53 0:00 0:00
Nick Cousins 1 0 1 1 0 4 2 0 2 0 3/10 14:47 0:52 0:20
Paul Cotter 0 1 1 0 2 1 2 0 1 1 0/0 18:43 5:18 1:54
Sam Lafferty 0 1 1 1 0 3 2 1 0 0 0/0 15:13 0:01 1:52
Victor Olofsson 1 0 1 0 0 3 2 0 2 0 2/4 19:34 5:18 2:59
Players Stats for Philadelphia Phantoms
Player Name G A P +/- PIM S H SB GA TA FO MP PP MP PK MP
------------------------------------------------------------------------------------
0 0 0 0 0 0 0 0 0 0 0/0 0:00 0:00 0:00
Adam Klapka 0 0 0 -2 0 5 1 0 1 0 0/0 14:36 2:54 0:20
Albert Johansson 0 1 1 -2 0 0 1 2 0 0 0/0 22:03 2:54 5:07
Alex Steeves 0 1 1 1 2 4 0 0 0 2 10/11 16:41 2:53 3:21
Anton Johansson 0 0 0 0 0 1 1 1 0 1 0/0 18:12 2:54 1:05
Jacob Quillan 0 1 1 0 2 1 2 0 0 0 6/15 18:09 3:04 4:28
Jaroslav Chmelar 0 1 1 1 5 0 2 0 0 0 0/1 10:01 0:20 0:00
Kai Uchacz 0 0 0 0 2 2 0 0 1 0 8/14 11:28 0:00 0:00
Marc Gatcomb 0 0 0 0 0 4 4 0 1 1 0/1 14:06 2:43 0:18
Michael Callahan 0 0 0 -1 0 0 0 1 0 2 0/0 19:39 0:00 5:15
Michael Carcone 1 0 1 0 2 2 4 0 0 0 1/1 9:36 0:00 0:00
Nikolai Kovalenko 0 0 0 0 0 1 1 1 2 0 1/1 18:53 2:54 5:26
Nils Aman 0 0 0 0 0 3 1 0 1 0 0/1 17:06 2:43 2:19
Noah Laba 0 0 0 -2 0 1 0 1 0 1 6/14 10:57 0:00 0:07
Noel Gunler 1 0 1 1 0 3 3 2 0 0 0/0 10:35 0:00 0:00
Ryan Johnson 0 0 0 1 7 2 2 0 0 1 0/0 12:53 0:00 0:00
Samuel Johannesson 0 0 0 0 2 0 1 2 0 0 0/0 24:13 3:03 4:08
Tye Kartye 1 0 1 -2 0 5 1 0 1 0 1/4 16:48 0:20 4:43
Tyler Kleven 0 0 0 0 0 0 0 1 1 0 0/0 23:25 3:03 5:27
3 Stars
1 - Jordan Dumais (QUE)
2 - Bradly Nadeau (QUE)
3 - Nick Cousins (QUE)
Power Play
Quebec Remparts - 1 on 6 Attempt(s) - 16.67%
Philadelphia Phantoms - 0 on 3 Attempt(s) - 0.00%
Penalty Kill
Quebec Remparts - 3 on 3 Attempt(s) - 100.00%
- Score 0 goal in Penalty Kill
Philadelphia Phantoms - 5 on 6 Attempt(s) - 83.33%
- Score 0 goal in Penalty Kill
Team Stat
Quebec Remparts - Hits : 21 - Faceoff Wins : 30 - Blocked Shots : 16 - Penalty Minutes : 16
Philadelphia Phantoms - Hits : 24 - Faceoff Wins : 33 - Blocked Shots : 11 - Penalty Minutes : 22
Official
Referees : Cody Beach and Michael Markovic
Linesman : Libor Suchanek and Scott Cherrey
Game Notes
Jaroslav Chmelar beats up Dalibor Dvorsky at 19:12 of 2nd period
Ryan Johnson and Kirby Dach fight to a draw at 13:17 of 3rd period
Quebec Remparts
5 vs 5 Forward
Center Left Wing Right Wing Time % Phy DF OF
1 Kirby Dach Paul Cotter Victor Olofsson 30 1 2 2
2 Kevin Rooney Fraser Minten Adam Gaudette 30 1 2 2
3 Nick Cousins Bradly Nadeau Sam Lafferty 25 1 2 2
4 Dalibor Dvorsky Maros Jedlicka Jordan Dumais 15 1 2 2
5 vs 5 Defense
Defense Defense Time % Phy DF OF
1 Calvin de Haan Brandt Clarke 30 1 2 2
2 Ethan Del Mastro Artem Duda 30 1 2 2
3 Jorian Donovan Marc Staal 25 1 2 2
4 Calvin de Haan Brandt Clarke 15 1 2 2
PowerPlay Forward
Center Left Wing Right Wing Time % Phy DF OF
1 Kirby Dach Paul Cotter Victor Olofsson 50 1 2 2
2 Kevin Rooney Fraser Minten Adam Gaudette 50 1 2 2
PowerPlay Defense
Defense Defense Time % Phy DF OF
1 Calvin de Haan Brandt Clarke 50 1 2 2
2 Ethan Del Mastro Artem Duda 50 1 2 2
Penalty Kill 4 Players Forward
Center Wing Time % Phy DF OF
1 Kirby Dach Paul Cotter 50 1 2 2
2 Victor Olofsson Adam Gaudette 50 1 2 2
Penalty Kill 4 Players Defense
Defense Defense Time % Phy DF OF
1 Calvin de Haan Brandt Clarke 50 1 2 2
2 Ethan Del Mastro Artem Duda 50 1 2 2
Penalty Kill - 3 Players Forward
Forward Time % Phy DF OF
1 Kirby Dach 50 1 2 2
2 Paul Cotter 50 1 2 2
Penalty Kill - 3 Players Defense
Defense Defense Time % Phy DF OF
1 Calvin de Haan Brandt Clarke 50 1 2 2
2 Ethan Del Mastro Artem Duda 50 1 2 2
4 vs 4 Forward
Center Wing Time % Phy DF OF
1 Kirby Dach Paul Cotter 50 1 2 2
2 Victor Olofsson Adam Gaudette 50 1 2 2
4 vs 4 Defense
Defense Defense Time % Phy DF OF
1 Calvin de Haan Brandt Clarke 50 1 2 2
2 Ethan Del Mastro Artem Duda 50 1 2 2
Last Minutes Offensive
Center Left Wing Right Wing Defense Defense
Kirby Dach Paul Cotter Victor Olofsson Calvin de Haan Brandt Clarke
Last Minutes Defensive
Center Left Wing Right Wing Defense Defense
Kirby Dach Paul Cotter Victor Olofsson Calvin de Haan Brandt Clarke
Goaltenders
Starting : Devon Levi
Backup : Jacob Fowler
Extra Forwards
Normal : Nick Cousins, Bradly Nadeau, Sam Lafferty - PP : Nick Cousins, Bradly Nadeau - PK : Sam Lafferty
Extra Defensemen
Normal : Jorian Donovan, Marc Staal, Ethan Del Mastro - PP : Jorian Donovan - PK : Marc Staal, Ethan Del Mastro
Penalty Shots
Kirby Dach, Paul Cotter, Victor Olofsson, Adam Gaudette, Kevin Rooney
Scratches
Artur Akhtyamov (Healthy)
Philadelphia Phantoms
5 vs 5 Forward
Center Left Wing Right Wing Time % Phy DF OF
1 Alex Steeves Jaroslav Chmelar Noel Gunler 25 1 2 2
2 Jacob Quillan Michael Carcone Nikolai Kovalenko 25 1 2 2
3 Kai Uchacz Marc Gatcomb Nils Aman 25 1 2 2
4 Noah Laba Tye Kartye Adam Klapka 25 1 2 2
5 vs 5 Defense
Defense Defense Time % Phy DF OF
1 Samuel Johannesson Tyler Kleven 35 1 2 2
2 Albert Johansson Michael Callahan 35 1 2 2
3 Ryan Johnson Anton Johansson 30 1 2 2
4 Samuel Johannesson Tyler Kleven 0 1 2 2
PowerPlay Forward
Center Left Wing Right Wing Time % Phy DF OF
1 Alex Steeves Marc Gatcomb Nils Aman 50 1 2 2
2 Jacob Quillan Adam Klapka Nikolai Kovalenko 50 1 2 2
PowerPlay Defense
Defense Defense Time % Phy DF OF
1 Anton Johansson Albert Johansson 50 1 2 2
2 Samuel Johannesson Tyler Kleven 50 1 2 2
Penalty Kill 4 Players Forward
Center Wing Time % Phy DF OF
1 Alex Steeves Tye Kartye 50 1 2 2
2 Jacob Quillan Nikolai Kovalenko 50 1 2 2
Penalty Kill 4 Players Defense
Defense Defense Time % Phy DF OF
1 Albert Johansson Tyler Kleven 50 1 2 2
2 Michael Callahan Samuel Johannesson 50 1 2 2
Penalty Kill - 3 Players Forward
Forward Time % Phy DF OF
1 Tye Kartye 50 1 2 2
2 Nikolai Kovalenko 50 1 2 2
Penalty Kill - 3 Players Defense
Defense Defense Time % Phy DF OF
1 Albert Johansson Tyler Kleven 50 1 2 2
2 Michael Callahan Samuel Johannesson 50 1 2 2
4 vs 4 Forward
Center Wing Time % Phy DF OF
1 Alex Steeves Jaroslav Chmelar 50 1 2 2
2 Jacob Quillan Michael Carcone 50 1 2 2
4 vs 4 Defense
Defense Defense Time % Phy DF OF
1 Samuel Johannesson Tyler Kleven 50 1 2 2
2 Albert Johansson Michael Callahan 50 1 2 2
Last Minutes Offensive
Center Left Wing Right Wing Defense Defense
Alex Steeves Marc Gatcomb Adam Klapka Anton Johansson Albert Johansson
Last Minutes Defensive
Center Left Wing Right Wing Defense Defense
Alex Steeves Jacob Quillan Tye Kartye Albert Johansson Tyler Kleven
Goaltenders
Starting : Colten Ellis
Backup : Cooper Black
Extra Forwards
Normal : Alex Steeves, Jacob Quillan, Tye Kartye - PP : Marc Gatcomb, Adam Klapka - PK : Tye Kartye
Extra Defensemen
Normal : Samuel Johannesson, Tyler Kleven, Albert Johansson - PP : Anton Johansson - PK : Anton Johansson, Samuel Johannesson
Penalty Shots
Alex Steeves, Jacob Quillan, Marc Gatcomb, Adam Klapka, Michael Carcone
Scratches
Chase Bradley (Healthy), James Malatesta (Healthy), Ryan Winterton (Healthy), Matt Rempe (Healthy), Sam Lipkin (Healthy)
Parker Bell (Healthy), Gavin Hayes (Healthy), Braeden Kressler (Healthy), Isaac Poulter (Healthy), Dennis Hildeby (Healthy)
% Time on Ice - Quebec Remparts
Lines # - Real PCT - Wanted PCT - Time Play
Normal Forward
1 - 29% - 30% - 12:26
2 - 26% - 30% - 11:11
3 - 28% - 25% - 12:02
4 - 18% - 15% - 7:53
Normal Defense
1 - 31% - 30% - 13:32
2 - 31% - 30% - 13:41
3 - 27% - 25% - 11:46
4 - 10% - 15% - 4:33
PP Forward
1 - 51% - 50% - 5:19
2 - 49% - 50% - 5:12
PP Defense
1 - 50% - 50% - 5:16
2 - 50% - 50% - 5:15
PK Forward
1 - 50% - 50% - 2:58
2 - 50% - 50% - 2:59
PK Defense
1 - 48% - 50% - 2:53
2 - 52% - 50% - 3:04
PK3 Forward
1 - 0% - 50%
2 - 0% - 50%
PK3 Defense
1 - 0% - 50%
2 - 0% - 50%
44 Forward
1 - 0% - 50%
2 - 0% - 50%
44 Defense
1 - 0% - 50%
2 - 0% - 50%
Last Minute Offensive - 0:00
Last Minute Defensive - 0:00
Total
Forward - 60:00
Defense - 60:00
|
% Time on Ice - Philadelphia Phantoms
Lines # - Real PCT - Wanted PCT - Time Play
Normal Forward
1 - 27% - 25% - 11:41
2 - 24% - 25% - 10:20
3 - 25% - 25% - 10:56
4 - 24% - 25% - 10:35
Normal Defense
1 - 34% - 35% - 14:56
2 - 36% - 35% - 15:32
3 - 30% - 30% - 13:04
4 - 0% - 0% - 0:00
PP Forward
1 - 48% - 50% - 2:53
2 - 52% - 50% - 3:04
PP Defense
1 - 49% - 50% - 2:54
2 - 51% - 50% - 3:03
PK Forward
1 - 48% - 50% - 5:02
2 - 52% - 50% - 5:29
PK Defense
1 - 47% - 50% - 4:58
2 - 53% - 50% - 5:33
PK3 Forward
1 - 0% - 50%
2 - 0% - 50%
PK3 Defense
1 - 0% - 50%
2 - 0% - 50%
44 Forward
1 - 0% - 50%
2 - 0% - 50%
44 Defense
1 - 0% - 50%
2 - 0% - 50%
Last Minute Offensive - 0:00
Last Minute Defensive - 0:00
Total
Forward - 60:00
Defense - 60:00
|
Play-by-Play
1st period
0:01 of 1st period - Alex Steeves wins face-off versus Victor Olofsson in neutral zone.
0:52 of 1st period - Slapshot by Bradly Nadeau.
0:52 of 1st period - Deflect By Nick Cousins.
0:52 of 1st period - Shot Misses the Net.
0:52 of 1st period - Puck is out of play.
0:53 of 1st period - Dalibor Dvorsky wins face-off versus Noah Laba in Philadelphia Phantoms zone.
1:31 of 1st period - Wrist shot by Tye Kartye.
1:31 of 1st period - Shot Misses the Net.
1:33 of 1st period - Slapshot by Ryan Johnson.
1:33 of 1st period - Stopped by Devon Levi without a rebound.
1:34 of 1st period - Kevin Rooney wins face-off versus Kai Uchacz in Quebec Remparts zone.
1:34 of 1st period - Kevin Rooney is hit by Nils Aman.
2:00 of 1st period - Ryan Johnson is hit by Bradly Nadeau and loses puck.
2:31 of 1st period - Snap shot by Noel Gunler.
2:31 of 1st period - Stopped by Devon Levi without a rebound.
2:32 of 1st period - Kai Uchacz wins face-off versus Dalibor Dvorsky in Quebec Remparts zone.
2:39 of 1st period - Snap shot by Marc Gatcomb.
2:39 of 1st period - Deflect By Nils Aman.
2:39 of 1st period - Stopped by Devon Levi with a rebound.
2:57 of 1st period - Kevin Rooney is hit by Noel Gunler and loses puck.
3:04 of 1st period - Wrist shot by Noel Gunler.
3:04 of 1st period - Stopped by Devon Levi without a rebound.
3:05 of 1st period - Noah Laba wins face-off versus Nick Cousins in Quebec Remparts zone.
3:10 of 1st period - Slapshot by Tye Kartye.
3:10 of 1st period - Deflect By Adam Klapka.
3:10 of 1st period - Stopped by Devon Levi with a rebound.
3:40 of 1st period - Tyler Kleven is hit by Kirby Dach and loses puck.
4:41 of 1st period - Noah Laba is hit by Sam Lafferty and loses puck.
5:52 of 1st period - Icing by Fraser Minten.
5:53 of 1st period - Kevin Rooney wins face-off versus Noah Laba in Quebec Remparts zone.
5:58 of 1st period - Slapshot by Adam Gaudette.
5:58 of 1st period - Shot Blocked by Albert Johansson.
6:00 of 1st period - Wrist shot by Kevin Rooney.
6:00 of 1st period - Shot Blocked by Albert Johansson.
6:02 of 1st period - Wrist shot by Kevin Rooney.
6:02 of 1st period - Stopped by Colten Ellis with a rebound.
6:04 of 1st period - Wrist shot by Adam Gaudette.
6:04 of 1st period - Shot Misses the Net.
6:25 of 1st period - Jaroslav Chmelar is hit by Victor Olofsson and loses puck.
6:36 of 1st period - Slapshot by Dalibor Dvorsky.
6:36 of 1st period - Stopped by Colten Ellis without a rebound.
6:37 of 1st period - Jacob Quillan wins face-off versus Dalibor Dvorsky in Philadelphia Phantoms zone.
6:44 of 1st period - Wrist shot by Michael Carcone.
6:44 of 1st period - Stopped by Devon Levi with a rebound.
6:52 of 1st period - Ethan Del Mastro is hit by Michael Carcone and loses puck.
7:49 of 1st period - Snap shot by Paul Cotter.
7:49 of 1st period - Deflect By Kirby Dach.
7:49 of 1st period - Shot Misses the Net.
7:49 of 1st period - Puck is out of play.
7:50 of 1st period - Kirby Dach wins face-off versus Noah Laba in Philadelphia Phantoms zone.
7:51 of 1st period - Slapshot by Victor Olofsson.
7:51 of 1st period - Stopped by Colten Ellis with a rebound.
8:15 of 1st period - Snap shot by Victor Olofsson.
8:15 of 1st period - Shot Misses the Net.
8:17 of 1st period - Snap shot by Kevin Rooney.
8:17 of 1st period - Deflect By Adam Gaudette.
8:17 of 1st period - Stopped by Colten Ellis with a rebound.
8:27 of 1st period - Wrist shot by Fraser Minten.
8:27 of 1st period - Shot Misses the Net.
9:41 of 1st period - Paul Cotter is hit by Michael Carcone and loses puck.
9:48 of 1st period - Wrist shot by Michael Carcone.
9:48 of 1st period - Goal by Michael Carcone - Quebec Remparts : 0 - Philadelphia Phantoms : 1.
9:49 of 1st period - Kai Uchacz wins face-off versus Nick Cousins in neutral zone.
10:00 of 1st period - Snap shot by Bradly Nadeau.
10:00 of 1st period - Stopped by Colten Ellis with a rebound.
10:02 of 1st period - Slapshot by Calvin de Haan.
10:02 of 1st period - Stopped by Colten Ellis with a rebound.
10:04 of 1st period - Wrist shot by Sam Lafferty.
10:04 of 1st period - Stopped by Colten Ellis with a rebound.
10:16 of 1st period - Calvin de Haan is hit by Noel Gunler and loses puck.
11:35 of 1st period - Fraser Minten is hit by Marc Gatcomb and loses puck.
11:40 of 1st period - Wrist shot by Marc Gatcomb.
11:40 of 1st period - Deflect By Kai Uchacz.
11:40 of 1st period - Shot Blocked by Kevin Rooney.
11:40 of 1st period - Puck is out of play.
11:41 of 1st period - Victor Olofsson wins face-off versus Kai Uchacz in Quebec Remparts zone.
11:52 of 1st period - Slapshot by Kirby Dach.
11:52 of 1st period - Shot Misses the Net.
12:22 of 1st period - Nick Cousins is hit by Anton Johansson and loses puck.
12:42 of 1st period - Anton Johansson is hit by Sam Lafferty.
12:54 of 1st period - Wrist shot by Marc Gatcomb.
12:54 of 1st period - Stopped by Devon Levi with a rebound.
13:13 of 1st period - Snap shot by Marc Gatcomb.
13:13 of 1st period - Shot Blocked by Brandt Clarke.
13:31 of 1st period - Snap shot by Bradly Nadeau.
13:31 of 1st period - Shot Misses the Net.
13:33 of 1st period - Minor Penalty to Ryan Johnson for Hooking.
13:34 of 1st period - Alex Steeves wins face-off versus Kirby Dach in Philadelphia Phantoms zone.
13:40 of 1st period - Icing by Kirby Dach.
13:41 of 1st period - Jacob Quillan wins face-off versus Kirby Dach in Quebec Remparts zone.
13:48 of 1st period - Wrist shot by Jacob Quillan.
13:48 of 1st period - Stopped by Devon Levi with a rebound.
14:48 of 1st period - Michael Callahan is hit by Ethan Del Mastro.
15:33 of 1st period - Penalty to Ryan Johnson is over, Ryan Johnson is back on ice.
16:07 of 1st period - Michael Carcone is hit by Nick Cousins and loses puck.
16:30 of 1st period - Icing by Dalibor Dvorsky.
16:31 of 1st period - Kevin Rooney wins face-off versus Noah Laba in Quebec Remparts zone.
16:36 of 1st period - Adam Klapka is hit by Kevin Rooney and loses puck.
17:20 of 1st period - Albert Johansson is hit by Jordan Dumais and loses puck.
17:27 of 1st period - Samuel Johannesson is hit by Jorian Donovan and loses puck.
17:49 of 1st period - Alex Steeves is hit by Calvin de Haan and loses puck.
18:00 of 1st period - Wrist shot by Adam Klapka.
18:00 of 1st period - Shot Hit the Post.
18:02 of 1st period - Slapshot by Samuel Johannesson.
18:02 of 1st period - Shot Misses the Net.
18:16 of 1st period - Minor Penalty to Paul Cotter for Tripping.
18:17 of 1st period - Kirby Dach wins face-off versus Alex Steeves in Quebec Remparts zone.
18:51 of 1st period - Snap shot by Sam Lafferty.
18:51 of 1st period - Stopped by Colten Ellis with a rebound.
18:53 of 1st period - Wrist shot by Sam Lafferty.
18:53 of 1st period - Shot Misses the Net.
18:55 of 1st period - Wrist shot by Sam Lafferty.
18:55 of 1st period - Stopped by Colten Ellis with a rebound.
Goals for this period are 0 for Quebec Remparts vs 1 for Philadelphia Phantoms.
Shots for this period are 9 for Quebec Remparts vs 9 for Philadelphia Phantoms.
2nd period
0:01 of 2nd period - Adam Gaudette wins face-off versus Jacob Quillan in neutral zone.
0:16 of 2nd period - Penalty to Paul Cotter is over, Paul Cotter is back on ice.
0:38 of 2nd period - Minor Penalty to Alex Steeves for Slashing.
0:39 of 2nd period - Kevin Rooney wins face-off versus Jacob Quillan in Philadelphia Phantoms zone.
2:34 of 2nd period - Nikolai Kovalenko is hit by Bradly Nadeau.
2:38 of 2nd period - Penalty to Alex Steeves is over, Alex Steeves is back on ice.
2:44 of 2nd period - Wrist shot by Alex Steeves.
2:44 of 2nd period - Shot Blocked by Fraser Minten.
2:46 of 2nd period - Slapshot by Ryan Johnson.
2:46 of 2nd period - Deflect By Brandt Clarke.
2:46 of 2nd period - Stopped by Devon Levi with a rebound.
2:48 of 2nd period - Wrist shot by Jaroslav Chmelar.
2:48 of 2nd period - Shot Misses the Net.
2:50 of 2nd period - Backhand shot by Alex Steeves.
2:50 of 2nd period - Stopped by Devon Levi without a rebound.
2:51 of 2nd period - Alex Steeves wins face-off versus Dalibor Dvorsky in Quebec Remparts zone.
2:54 of 2nd period - Wrist shot by Alex Steeves.
2:54 of 2nd period - Shot Misses the Net.
2:56 of 2nd period - Wrist shot by Alex Steeves.
2:56 of 2nd period - Stopped by Devon Levi with a rebound.
2:58 of 2nd period - Slapshot by Noel Gunler.
2:58 of 2nd period - Goal by Noel Gunler - Quebec Remparts : 0 - Philadelphia Phantoms : 2.
2:59 of 2nd period - Jacob Quillan wins face-off versus Kirby Dach in neutral zone.
3:25 of 2nd period - Calvin de Haan is hit by Tye Kartye and loses puck.
3:30 of 2nd period - Slapshot by Tye Kartye.
3:30 of 2nd period - Goal by Tye Kartye - Quebec Remparts : 0 - Philadelphia Phantoms : 3.
3:31 of 2nd period - Kirby Dach wins face-off versus Jacob Quillan in neutral zone.
3:36 of 2nd period - Slapshot by Victor Olofsson.
3:36 of 2nd period - Goal by Victor Olofsson - Quebec Remparts : 1 - Philadelphia Phantoms : 3.
3:37 of 2nd period - Kevin Rooney wins face-off versus Jacob Quillan in neutral zone.
3:41 of 2nd period - Icing by Nikolai Kovalenko.
3:42 of 2nd period - Jacob Quillan wins face-off versus Kevin Rooney in Philadelphia Phantoms zone.
3:46 of 2nd period - Minor Penalty to Artem Duda for Tripping.
3:47 of 2nd period - Victor Olofsson wins face-off versus Nils Aman in Quebec Remparts zone.
4:13 of 2nd period - Jacob Quillan is hit by Paul Cotter and loses puck.
4:26 of 2nd period - Paul Cotter is hit by Nikolai Kovalenko and loses puck.
5:39 of 2nd period - Brandt Clarke is hit by Jaroslav Chmelar and loses puck.
5:46 of 2nd period - Penalty to Artem Duda is over, Artem Duda is back on ice.
5:51 of 2nd period - Icing by Anton Johansson.
5:52 of 2nd period - Nick Cousins wins face-off versus Tye Kartye in Philadelphia Phantoms zone.
6:09 of 2nd period - Snap shot by Jordan Dumais.
6:09 of 2nd period - Goal by Jordan Dumais - Quebec Remparts : 2 - Philadelphia Phantoms : 3.
6:10 of 2nd period - Kirby Dach wins face-off versus Jacob Quillan in neutral zone.
6:45 of 2nd period - Snap shot by Tye Kartye.
6:45 of 2nd period - Shot Misses the Net.
6:57 of 2nd period - Wrist shot by Sam Lafferty.
6:57 of 2nd period - Deflect By Nick Cousins.
6:57 of 2nd period - Shot Misses the Net.
6:57 of 2nd period - Puck is out of play.
6:58 of 2nd period - Alex Steeves wins face-off versus Nick Cousins in Philadelphia Phantoms zone.
7:45 of 2nd period - Snap shot by Nick Cousins.
7:45 of 2nd period - Stopped by Colten Ellis with a rebound.
7:47 of 2nd period - Slapshot by Nick Cousins.
7:47 of 2nd period - Shot Misses the Net.
7:49 of 2nd period - Slapshot by Sam Lafferty.
7:49 of 2nd period - Shot Misses the Net.
7:51 of 2nd period - Wrist shot by Nick Cousins.
7:51 of 2nd period - Stopped by Colten Ellis with a rebound.
8:13 of 2nd period - Bradly Nadeau is hit by Albert Johansson and loses puck.
8:22 of 2nd period - Snap shot by Bradly Nadeau.
8:22 of 2nd period - Shot Misses the Net.
8:24 of 2nd period - Slapshot by Jorian Donovan.
8:24 of 2nd period - Shot Blocked by Noel Gunler.
8:26 of 2nd period - Snap shot by Jorian Donovan.
8:26 of 2nd period - Deflect By Sam Lafferty.
8:26 of 2nd period - Shot Misses the Net.
8:26 of 2nd period - Puck is out of play.
8:27 of 2nd period - Jacob Quillan wins face-off versus Kirby Dach in Philadelphia Phantoms zone.
8:40 of 2nd period - Snap shot by Victor Olofsson.
8:40 of 2nd period - Shot Blocked by Nikolai Kovalenko.
8:42 of 2nd period - Slapshot by Ethan Del Mastro.
8:42 of 2nd period - Shot Blocked by Samuel Johannesson.
8:48 of 2nd period - Minor Penalty to Jacob Quillan for Hooking.
8:49 of 2nd period - Adam Gaudette wins face-off versus Tye Kartye in Philadelphia Phantoms zone.
9:30 of 2nd period - Icing by Brandt Clarke.
9:31 of 2nd period - Kirby Dach wins face-off versus Tye Kartye in Quebec Remparts zone.
9:38 of 2nd period - Backhand shot by Victor Olofsson.
9:38 of 2nd period - Stopped by Colten Ellis with a rebound.
10:48 of 2nd period - Penalty to Jacob Quillan is over, Jacob Quillan is back on ice.
11:41 of 2nd period - Slapshot by Adam Klapka.
11:41 of 2nd period - Stopped by Devon Levi without a rebound.
11:42 of 2nd period - Noah Laba wins face-off versus Nick Cousins in Quebec Remparts zone.
11:43 of 2nd period - Snap shot by Tye Kartye.
11:43 of 2nd period - Stopped by Devon Levi without a rebound.
11:44 of 2nd period - Noah Laba wins face-off versus Nick Cousins in Quebec Remparts zone.
11:57 of 2nd period - Wrist shot by Sam Lafferty.
11:57 of 2nd period - Shot Blocked by Samuel Johannesson.
12:03 of 2nd period - Snap shot by Nick Cousins.
12:03 of 2nd period - Stopped by Colten Ellis with a rebound.
12:05 of 2nd period - Wrist shot by Bradly Nadeau.
12:05 of 2nd period - Shot Misses the Net.
12:07 of 2nd period - Wrist shot by Nick Cousins.
12:07 of 2nd period - Goal by Nick Cousins - Quebec Remparts : 3 - Philadelphia Phantoms : 3.
12:08 of 2nd period - Kevin Rooney wins face-off versus Kai Uchacz in neutral zone.
12:11 of 2nd period - Nils Aman is hit by Fraser Minten and loses puck.
12:43 of 2nd period - Snap shot by Victor Olofsson.
12:43 of 2nd period - Shot Misses the Net.
13:01 of 2nd period - Bradly Nadeau is hit by Jacob Quillan and loses puck.
13:27 of 2nd period - Nikolai Kovalenko is hit by Jordan Dumais and loses puck.
13:38 of 2nd period - Snap shot by Albert Johansson.
13:38 of 2nd period - Shot Blocked by Brandt Clarke.
13:40 of 2nd period - Snap shot by Noah Laba.
13:40 of 2nd period - Shot Blocked by Kevin Rooney.
13:44 of 2nd period - Slapshot by Tye Kartye.
13:44 of 2nd period - Stopped by Devon Levi with a rebound.
13:46 of 2nd period - Snap shot by Tye Kartye.
13:46 of 2nd period - Shot Blocked by Calvin de Haan.
13:48 of 2nd period - Snap shot by Noah Laba.
13:48 of 2nd period - Stopped by Devon Levi without a rebound.
13:49 of 2nd period - Kirby Dach wins face-off versus Kai Uchacz in Quebec Remparts zone.
13:49 of 2nd period - Kirby Dach is hit by Marc Gatcomb.
14:02 of 2nd period - Minor Penalty to Kai Uchacz for Tripping.
14:03 of 2nd period - Alex Steeves wins face-off versus Kevin Rooney in Philadelphia Phantoms zone.
14:17 of 2nd period - Snap shot by Kevin Rooney.
14:17 of 2nd period - Shot Misses the Net.
14:55 of 2nd period - Fraser Minten is hit by Jacob Quillan and loses puck.
15:12 of 2nd period - Samuel Johannesson is hit by Kirby Dach and loses puck.
16:02 of 2nd period - Penalty to Kai Uchacz is over, Kai Uchacz is back on ice.
16:44 of 2nd period - Snap shot by Tye Kartye.
16:44 of 2nd period - Stopped by Devon Levi without a rebound.
16:45 of 2nd period - Noah Laba wins face-off versus Nick Cousins in Quebec Remparts zone.
17:06 of 2nd period - Kirby Dach is hit by Jaroslav Chmelar.
17:41 of 2nd period - Snap shot by Tye Kartye.
17:41 of 2nd period - Shot Blocked by Jorian Donovan.
17:43 of 2nd period - Wrist shot by Noah Laba.
17:43 of 2nd period - Shot Blocked by Jordan Dumais.
18:04 of 2nd period - Bradly Nadeau is hit by Noel Gunler and loses puck.
18:17 of 2nd period - Marc Gatcomb is hit by Victor Olofsson and loses puck.
18:59 of 2nd period - Off-side.
19:00 of 2nd period - Alex Steeves wins face-off versus Dalibor Dvorsky in neutral zone.
19:09 of 2nd period - Slapshot by Brandt Clarke.
19:09 of 2nd period - Stopped by Colten Ellis with a rebound.
19:11 of 2nd period - Slapshot by Calvin de Haan.
19:11 of 2nd period - Shot Blocked by Noel Gunler.
19:12 of 2nd period - Jaroslav Chmelar beats up Dalibor Dvorsky.
19:12 of 2nd period - Penalty to Jaroslav Chmelar for Fighting.
19:12 of 2nd period - Penalty to Dalibor Dvorsky for Fighting.
19:13 of 2nd period - Kirby Dach wins face-off versus Marc Gatcomb in Philadelphia Phantoms zone.
19:18 of 2nd period - Wrist shot by Kirby Dach.
19:18 of 2nd period - Stopped by Colten Ellis without a rebound.
19:19 of 2nd period - Kai Uchacz wins face-off versus Kirby Dach in Philadelphia Phantoms zone.
19:28 of 2nd period - Wrist shot by Kirby Dach.
19:28 of 2nd period - Shot Misses the Net.
19:43 of 2nd period - Slapshot by Brandt Clarke.
19:43 of 2nd period - Shot Misses the Net.
19:55 of 2nd period - Snap shot by Nils Aman.
19:55 of 2nd period - Shot Blocked by Kirby Dach.
19:57 of 2nd period - Wrist shot by Kai Uchacz.
19:57 of 2nd period - Shot Misses the Net.
19:59 of 2nd period - Snap shot by Nils Aman.
19:59 of 2nd period - Shot Blocked by Calvin de Haan.
Goals for this period are 3 for Quebec Remparts vs 2 for Philadelphia Phantoms.
Shots for this period are 9 for Quebec Remparts vs 10 for Philadelphia Phantoms.
3rd period
0:01 of 3rd period - Kevin Rooney wins face-off versus Noah Laba in neutral zone.
0:04 of 3rd period - Wrist shot by Kevin Rooney.
0:04 of 3rd period - Deflect By Adam Gaudette.
0:04 of 3rd period - Shot Hit the Post.
0:04 of 3rd period - Puck is out of play.
0:05 of 3rd period - Kevin Rooney wins face-off versus Noah Laba in Philadelphia Phantoms zone.
0:06 of 3rd period - Wrist shot by Fraser Minten.
0:06 of 3rd period - Stopped by Colten Ellis with a rebound.
0:17 of 3rd period - Snap shot by Adam Klapka.
0:17 of 3rd period - Stopped by Devon Levi without a rebound.
0:18 of 3rd period - Kevin Rooney wins face-off versus Kai Uchacz in Quebec Remparts zone.
1:12 of 3rd period - Calvin de Haan is hit by Michael Carcone and loses puck.
1:41 of 3rd period - Snap shot by Fraser Minten.
1:41 of 3rd period - Stopped by Colten Ellis without a rebound.
1:42 of 3rd period - Kevin Rooney wins face-off versus Kai Uchacz in Philadelphia Phantoms zone.
1:49 of 3rd period - Wrist shot by Nils Aman.
1:49 of 3rd period - Shot Blocked by Artem Duda.
1:51 of 3rd period - Wrist shot by Nils Aman.
1:51 of 3rd period - Shot Misses the Net.
2:09 of 3rd period - Paul Cotter is hit by Ryan Johnson and loses puck.
2:28 of 3rd period - Slapshot by Nick Cousins.
2:28 of 3rd period - Shot Misses the Net.
2:30 of 3rd period - Wrist shot by Artem Duda.
2:30 of 3rd period - Stopped by Colten Ellis without a rebound.
2:31 of 3rd period - Kevin Rooney wins face-off versus Noah Laba in Philadelphia Phantoms zone.
2:32 of 3rd period - Snap shot by Adam Gaudette.
2:32 of 3rd period - Shot Blocked by Anton Johansson.
2:56 of 3rd period - Brandt Clarke is hit by Marc Gatcomb and loses puck.
3:03 of 3rd period - Snap shot by Nils Aman.
3:03 of 3rd period - Deflect By Paul Cotter.
3:03 of 3rd period - Shot Misses the Net.
3:03 of 3rd period - Puck is out of play.
3:04 of 3rd period - Kirby Dach wins face-off versus Jacob Quillan in Quebec Remparts zone.
3:55 of 3rd period - Slapshot by Nick Cousins.
3:55 of 3rd period - Shot Blocked by Michael Callahan.
3:57 of 3rd period - Wrist shot by Nick Cousins.
3:57 of 3rd period - Shot Misses the Net.
3:59 of 3rd period - Slapshot by Calvin de Haan.
3:59 of 3rd period - Shot Blocked by Noah Laba.
4:01 of 3rd period - Snap shot by Nick Cousins.
4:01 of 3rd period - Shot Misses the Net.
4:38 of 3rd period - Wrist shot by Fraser Minten.
4:38 of 3rd period - Shot Misses the Net.
5:49 of 3rd period - Wrist shot by Nikolai Kovalenko.
5:49 of 3rd period - Stopped by Devon Levi without a rebound.
5:50 of 3rd period - Kirby Dach wins face-off versus Jacob Quillan in Quebec Remparts zone.
6:03 of 3rd period - Artem Duda is hit by Ryan Johnson.
6:53 of 3rd period - Slapshot by Alex Steeves.
6:53 of 3rd period - Stopped by Devon Levi with a rebound.
7:03 of 3rd period - Backhand shot by Marc Gatcomb.
7:03 of 3rd period - Stopped by Devon Levi with a rebound.
7:15 of 3rd period - Slapshot by Dalibor Dvorsky.
7:15 of 3rd period - Stopped by Colten Ellis without a rebound.
7:16 of 3rd period - Noah Laba wins face-off versus Kirby Dach in Philadelphia Phantoms zone.
7:41 of 3rd period - Calvin de Haan is hit by Michael Carcone and loses puck.
7:46 of 3rd period - Slapshot by Nikolai Kovalenko.
7:46 of 3rd period - Shot Blocked by Brandt Clarke.
7:48 of 3rd period - Snap shot by Jacob Quillan.
7:48 of 3rd period - Shot Blocked by Brandt Clarke.
8:01 of 3rd period - Off-side.
8:02 of 3rd period - Alex Steeves wins face-off versus Nick Cousins in neutral zone.
8:07 of 3rd period - Wrist shot by Alex Steeves.
8:07 of 3rd period - Stopped by Devon Levi with a rebound.
8:09 of 3rd period - Snap shot by Michael Callahan.
8:09 of 3rd period - Deflect By Noel Gunler.
8:09 of 3rd period - Shot Misses the Net.
8:09 of 3rd period - Puck is out of play.
8:10 of 3rd period - Noah Laba wins face-off versus Kevin Rooney in Quebec Remparts zone.
9:01 of 3rd period - Wrist shot by Sam Lafferty.
9:01 of 3rd period - Shot Blocked by Tyler Kleven.
9:03 of 3rd period - Slapshot by Ethan Del Mastro.
9:03 of 3rd period - Deflect By Tyler Kleven.
9:03 of 3rd period - Stopped by Colten Ellis without a rebound.
9:04 of 3rd period - Nick Cousins wins face-off versus Jaroslav Chmelar in Philadelphia Phantoms zone.
9:07 of 3rd period - Slapshot by Bradly Nadeau.
9:07 of 3rd period - Shot Misses the Net.
9:58 of 3rd period - Ryan Johnson is hit by Nick Cousins and loses puck.
10:49 of 3rd period - Wrist shot by Tye Kartye.
10:49 of 3rd period - Stopped by Devon Levi without a rebound.
10:50 of 3rd period - Dalibor Dvorsky wins face-off versus Noah Laba in Quebec Remparts zone.
10:59 of 3rd period - Slapshot by Maros Jedlicka.
10:59 of 3rd period - Goal by Maros Jedlicka - Quebec Remparts : 4 - Philadelphia Phantoms : 3.
11:00 of 3rd period - Michael Carcone wins face-off versus Adam Gaudette in neutral zone.
11:10 of 3rd period - Minor Penalty to Michael Carcone for Hooking.
11:11 of 3rd period - Alex Steeves wins face-off versus Kirby Dach in Philadelphia Phantoms zone.
11:17 of 3rd period - Snap shot by Paul Cotter.
11:17 of 3rd period - Deflect By Kirby Dach.
11:17 of 3rd period - Shot Misses the Net.
11:17 of 3rd period - Puck is out of play.
11:18 of 3rd period - Tye Kartye wins face-off versus Kirby Dach in Philadelphia Phantoms zone.
11:34 of 3rd period - Wrist shot by Victor Olofsson.
11:34 of 3rd period - Deflect By Paul Cotter.
11:34 of 3rd period - Stopped by Colten Ellis without a rebound.
11:35 of 3rd period - Alex Steeves wins face-off versus Kevin Rooney in Philadelphia Phantoms zone.
11:44 of 3rd period - Slapshot by Brandt Clarke.
11:44 of 3rd period - Stopped by Colten Ellis with a rebound.
11:46 of 3rd period - Slapshot by Calvin de Haan.
11:46 of 3rd period - Goal by Calvin de Haan - Quebec Remparts : 5 - Philadelphia Phantoms : 3.
11:47 of 3rd period - Kai Uchacz wins face-off versus Kirby Dach in neutral zone.
11:50 of 3rd period - Kirby Dach is hit by Marc Gatcomb and loses puck.
11:59 of 3rd period - Slapshot by Nils Aman.
11:59 of 3rd period - Shot Hit the Post.
12:57 of 3rd period - Wrist shot by Dalibor Dvorsky.
12:57 of 3rd period - Stopped by Colten Ellis with a rebound.
12:59 of 3rd period - Slapshot by Calvin de Haan.
12:59 of 3rd period - Stopped by Colten Ellis without a rebound.
13:00 of 3rd period - Kai Uchacz wins face-off versus Dalibor Dvorsky in Philadelphia Phantoms zone.
13:00 of 3rd period - Kai Uchacz is hit by Dalibor Dvorsky.
13:12 of 3rd period - Wrist shot by Nils Aman.
13:12 of 3rd period - Stopped by Devon Levi with a rebound.
13:16 of 3rd period - Slapshot by Nils Aman.
13:16 of 3rd period - Stopped by Devon Levi without a rebound.
13:17 of 3rd period - Jacob Quillan wins face-off versus Kirby Dach in Quebec Remparts zone.
13:17 of 3rd period - Ryan Johnson and Kirby Dach fight to a draw.
13:17 of 3rd period - Penalty to Ryan Johnson for Fighting.
13:17 of 3rd period - Penalty to Kirby Dach for Fighting.
13:18 of 3rd period - Nick Cousins wins face-off versus Jacob Quillan in Quebec Remparts zone.
13:18 of 3rd period - Nick Cousins is hit by Samuel Johannesson.
13:25 of 3rd period - Minor Penalty to Samuel Johannesson for Cross-checking.
13:26 of 3rd period - Alex Steeves wins face-off versus Kevin Rooney in Philadelphia Phantoms zone.
13:34 of 3rd period - Snap shot by Ethan Del Mastro.
13:34 of 3rd period - Deflect By Jacob Quillan.
13:34 of 3rd period - Stopped by Colten Ellis with a rebound.
13:36 of 3rd period - Slapshot by Ethan Del Mastro.
13:36 of 3rd period - Stopped by Colten Ellis without a rebound.
13:37 of 3rd period - Kevin Rooney wins face-off versus Jacob Quillan in Philadelphia Phantoms zone.
13:44 of 3rd period - Slapshot by Adam Gaudette.
13:44 of 3rd period - Deflect By Anton Johansson.
13:44 of 3rd period - Stopped by Colten Ellis with a rebound.
13:46 of 3rd period - Slapshot by Ethan Del Mastro.
13:46 of 3rd period - Shot Misses the Net.
13:48 of 3rd period - Slapshot by Artem Duda.
13:48 of 3rd period - Shot Misses the Net.
14:08 of 3rd period - Michael Callahan is hit by Paul Cotter and loses puck.
15:25 of 3rd period - Penalty to Samuel Johannesson is over, Samuel Johannesson is back on ice.
15:32 of 3rd period - Calvin de Haan is hit by Adam Klapka and loses puck.
15:37 of 3rd period - Snap shot by Adam Klapka.
15:37 of 3rd period - Stopped by Devon Levi without a rebound.
15:38 of 3rd period - Kai Uchacz wins face-off versus Dalibor Dvorsky in Quebec Remparts zone.
15:42 of 3rd period - Icing by Jorian Donovan.
15:43 of 3rd period - Kai Uchacz wins face-off versus Dalibor Dvorsky in Quebec Remparts zone.
15:46 of 3rd period - Snap shot by Marc Gatcomb.
15:46 of 3rd period - Stopped by Devon Levi with a rebound.
15:48 of 3rd period - Snap shot by Marc Gatcomb.
15:48 of 3rd period - Stopped by Devon Levi with a rebound.
15:50 of 3rd period - Snap shot by Nils Aman.
15:50 of 3rd period - Shot Blocked by Dalibor Dvorsky.
15:52 of 3rd period - Slapshot by Kai Uchacz.
15:52 of 3rd period - Stopped by Devon Levi with a rebound.
15:54 of 3rd period - Snap shot by Kai Uchacz.
15:54 of 3rd period - Stopped by Devon Levi with a rebound.
15:56 of 3rd period - Wrist shot by Marc Gatcomb.
15:56 of 3rd period - Shot Misses the Net.
15:58 of 3rd period - Snap shot by Anton Johansson.
15:58 of 3rd period - Shot Blocked by Jorian Donovan.
16:10 of 3rd period - Backhand shot by Tye Kartye.
16:10 of 3rd period - Shot Blocked by Sam Lafferty.
16:32 of 3rd period - Wrist shot by Alex Steeves.
16:32 of 3rd period - Shot Misses the Net.
16:34 of 3rd period - Snap shot by Anton Johansson.
16:34 of 3rd period - Stopped by Devon Levi with a rebound.
16:36 of 3rd period - Snap shot by Samuel Johannesson.
16:36 of 3rd period - Shot Misses the Net.
16:38 of 3rd period - Slapshot by Jaroslav Chmelar.
16:38 of 3rd period - Deflect By Noel Gunler.
16:38 of 3rd period - Shot Misses the Net.
16:38 of 3rd period - Puck is out of play.
16:39 of 3rd period - Kai Uchacz wins face-off versus Dalibor Dvorsky in Quebec Remparts zone.
16:49 of 3rd period - Minor Penalty to Dalibor Dvorsky for Interference.
16:50 of 3rd period - Nikolai Kovalenko wins face-off versus Victor Olofsson in Quebec Remparts zone.
16:52 of 3rd period - Snap shot by Adam Klapka.
16:52 of 3rd period - Stopped by Devon Levi with a rebound.
18:17 of 3rd period - Penalty to Kirby Dach is over, Kirby Dach is back on ice.
18:47 of 3rd period - Anton Johansson is hit by Ethan Del Mastro and loses puck.
18:49 of 3rd period - Penalty to Dalibor Dvorsky is over, Dalibor Dvorsky is back on ice.
Goals for this period are 2 for Quebec Remparts vs 0 for Philadelphia Phantoms.
Shots for this period are 14 for Quebec Remparts vs 15 for Philadelphia Phantoms.
Back to the Top